 Dungeon Crawl Stone Soup version 0.22.1-2-g9c5b331383 (webtiles) character file.

212342 Ihlosi the Warrior (level 19, -15/163 HPs)
             Began as a Human Gladiator on Nov 17, 2018.
             Was the Champion of the Shining One.
             Killed from afar by a crystal guardian (46 damage)
             ... with a crystal bolt
             ... in the Desolation of Salt on Nov 18, 2018.
             The game lasted 03:13:43 (33818 turns).

Ihlosi the Warrior (Human Gladiator)               Turns: 33818, Time: 03:13:43

Health: -15/163    AC: 38    Str: 19    XL:     19   Next: 64%
Magic:  15/28      EV: 20    Int:  8    God:    the Shining One [******]
Gold:   1969       SH:  0    Dex: 27    Spells: 19/24 levels left

rFire    . . .     SeeInvis .   a - +5 scimitar (flame)
rCold    . . .     Gourm    .   (no shield)
rNeg     + + +     Faith    .   L - +9 plate armour of Devotion {Regen+}
rPois    +         Spirit   .   W - +2 helmet
rElec    .         Reflect  .   F - +2 cloak {MR+}
rCorr    .         Harm     .   z - +0 pair of gloves {archery}
MR       +++++     Clarity  +   C - +1 pair of boots
Stlth    +.........             X - amulet of the Four Winds {rN+ MR+++ Clar}
HPRegen  0.77/turn              p - ring "Uffeloesk" {Wiz Dex+3 Stlth+}
MPRegen  0.21/turn              k - ring of poison resistance

@: agile, berserk cooldown, slowed, glowing, very slow
A: no striking features
}: 1/15 runes: decaying
a: Divine Shield, Cleansing Flame, Summon Divine Warrior, Brand Weapon With Holy
Wrath, Renounce Religion


You were in the Desolation of Salt.
You worshipped the Shining One.
The Shining One was exalted by your worship.
You were not hungry.

You visited 7 branches of the dungeon, and saw 31 of its levels.
You also visited: Sewer, Bailey, Volcano and Desolation.

You collected 3091 gold pieces.
You spent 1122 gold pieces at shops.

Inventory:

Hand Weapons
 a - a +5 scimitar of flaming (weapon)
 E - a +2 great sword of flaming
 U - a +0 arbalest
Missiles
 t - 410 bolts
 J - a throwing net (quivered)
 P - 8 curare-tipped needles
Armour
 z - a +0 pair of gloves of archery (worn)
 C - a +1 pair of boots (worn)
 F - a +2 cloak of magic resistance (worn)
 L - the +9 plate armour of Devotion (worn) {Regen+}
   (You took it off a skeletal warrior on level 11 of the Dungeon)

   It increases your rate of regeneration.
 W - a +2 helmet (worn)
Jewellery
 d - an uncursed amulet of regeneration
 k - a ring of poison resistance (right hand)
 p - the ring "Uffeloesk" (left hand) {Wiz Dex+3 Stlth+}
   (You found it on level 4 of the Dungeon)

   [ring of wizardry]

   It improves your spell success rate.
   It affects your dexterity (+3).
   It makes you more stealthy.
 y - an uncursed ring of see invisible
 B - an uncursed amulet of magic regeneration
 G - an uncursed ring of protection from fire
 X - the amulet of the Four Winds (around neck) {rN+ MR+++ Clar}
   (You bought it in a shop on level 2 of the Orcish Mines)

   [amulet of nothing]

   It protects you from negative energy.
   It affects your resistance to hostile enchantments.
   It protects you against confusion.
 Y - an uncursed ring of flight
Wands
 h - a wand of enslavement (10)
 m - a wand of acid (5)
 w - a wand of digging (9)
 R - a wand of iceblast (8)
Scrolls
 g - 7 scrolls of remove curse
 n - a scroll of identify
 q - a scroll of magic mapping
 r - 4 scrolls of blinking
 s - 15 scrolls of teleportation
 u - 2 scrolls of enchant weapon
 H - a scroll of summoning
 K - 5 scrolls of fog
 N - a scroll of amnesia
 Q - a scroll of fear
 V - 2 scrolls of vulnerability
Potions
 b - a potion of berserk rage
 c - 4 potions of might
 i - 7 potions of haste
 j - 2 potions of flight
 l - 14 potions of curing
 o - 2 potions of magic
 v - 3 potions of resistance
 A - 2 potions of invisibility
 D - 7 potions of heal wounds
 I - 3 potions of agility
 O - 3 potions of mutation
 S - 5 potions of lignification
 T - 3 potions of ambrosia
 Z - 2 potions of brilliance
Miscellaneous
 M - a sack of spiders
Comestibles
 f - 50 rations


   Skills:
 + Level 18.2 Fighting
 - Level 15.0 Long Blades
 * Level 3.5 Crossbows
 - Level 2.0 Throwing
 + Level 16.4 Armour
 * Level 11.0 Dodging
 - Level 3.0 Stealth
 - Level 3.0 Spellcasting
 - Level 3.0 Translocations
 - Level 3.0 Transmutations
 - Level 3.0 Earth Magic
 * Level 12.9 Invocations
 - Level 6.0 Evocations


You had 19 spell levels left.
You knew the following spells:

 Your Spells              Type           Power        Failure   Level  Hunger
a - Passwall              Tmut/Erth      #.......     52%         2    ###....
b - Apportation           Tloc           #.....       38%         1    ##.....
c - Blink                 Tloc           N/A          52%         2    ###....

Your spell library contained the following spells:

 Spells                   Type           Power        Failure   Level  Hunger
 Beastly Appendage        Tmut           #.....       38%         1    ##.....
 Sticks to Snakes         Tmut           #.......     52%         2    ###....
 Shroud of Golubria       Chrm/Tloc      #.........   71%         2    ###....
 Gell's Gravitas          Tloc           #.........   75%         3    ####...
 Lesser Beckoning         Tloc           #.........   75%         3    ####...
 Teleport Other           Tloc           #.......     75%         3    ####...
 Animate Skeleton         Necr           N/A          78%         1    ##.....
 Confusing Touch          Hex            #.....       78%         1    ##.....
 Corona                   Hex            #......      78%         1    ##.....
 Infusion                 Chrm           #...         78%         1    ##.....
 Summon Butterflies       Summ           #.......     78%         1    ##.....
 Summon Small Mammal      Summ           #...         78%         1    ##.....
 Corpse Rot               Necr           N/A          89%         2    ###....
 Ensorcelled Hibernation  Hex/Ice        #.....       89%         2    ###....
 Slow                     Hex            #.......     89%         2    ###....
 Song of Slaying          Chrm           #.......     89%         2    ###....
 Sublimation of Blood     Necr           #.........   89%         2    ###....
 Swiftness                Chrm/Air       #.......     89%         2    ###....
 Portal Projectile        Hex/Tloc       #.....       90%         3    ####...
 Spider Form              Tmut/Pois      #.........   90%         3    ####...
 Call Canine Familiar     Summ           #.......     98%         3    ####...
 Confuse                  Hex            #.......     98%         3    ####...
 Dazzling Spray           Conj/Hex       #.....       98%         3    ####...
 Inner Flame              Hex/Fire       #.......     98%         3    ####...
 Regeneration             Chrm/Necr      #.........   98%         3    ####...
 Spectral Weapon          Hex/Chrm       #.......     98%         3    ####...
 Tukima's Dance           Hex            #.......     98%         3    ####...
 Passage of Golubria      Tloc           N/A          98%         4    #####..
 Petrify                  Tmut/Erth      #.......     98%         4    #####..
 Ice Form                 Ice/Tmut       #.......     99%         4    #####..
 Leda's Liquefaction      Hex/Erth       #.........   99%         4    #####..
 Cause Fear               Hex            #.........   100%        4    #####..
 Summon Ice Beast         Ice/Summ       #.......     100%        4    #####..
 Agony                    Necr           #.......     100%        5    ######.
 Blade Hands              Tmut           #.........   100%        5    ######.
 Bolt of Draining         Conj/Necr      #.........   100%        5    ######.
 Bolt of Magma            Conj/Fire/Erth #.........   100%        5    ######.
 Dispel Undead            Necr           #.......     100%        5    ######.
 Excruciating Wounds      Chrm/Necr      #.........   100%        5    ######.
 Iskenderun's Battlesphe  Conj/Chrm      #.......     100%        5    ######.
 Lee's Rapid Deconstruct  Erth           #.........   100%        5    ######.
 Metabolic Englaciation   Hex/Ice        #.........   100%        5    ######.
 Silence                  Hex/Air        #.........   100%        5    ######.
 Summon Mana Viper        Hex/Summ       #.......     100%        5    ######.
 Venom Bolt               Conj/Pois      #.........   100%        5    ######.
 Yara's Violent Unravell  Hex/Tmut       #.........   100%        5    ######.
 Bolt of Cold             Conj/Ice       #.........   100%        6    #######
 Darkness                 Hex            #.........   100%        6    #######
 Deflect Missiles         Chrm/Air       #.........   100%        6    #######
 Freezing Cloud           Conj/Ice/Air   #.........   100%        6    #######
 Invisibility             Hex            #.......     100%        6    #######
 Iron Shot                Conj/Erth      #.........   100%        6    #######
 Ozocubu's Refrigeration  Ice            #.........   100%        6    #######
 Simulacrum               Ice/Necr       #.........   100%        6    #######
 Orb of Destruction       Conj           #.........   100%        7    #######
 Spellforged Servitor     Conj/Summ      #.........   100%        7    #######
 Summon Hydra             Summ           #.........   100%        7    #######
 Discord                  Hex            #.........   100%        8    #######


Dungeon Overview and Level Annotations

Branches:
Dungeon (15/15)            Temple (1/1) D:6            Lair (6/6) D:9
  Swamp (4/4) Lair:3       Spider (1/4) Lair:4        Slime (0/5) Lair:6
    Orc (2/2) D:11            Elf (0/3) Orc:2        Vaults (2/5) D:14
 Depths (0/5) D:15
  Crypt: Vaults:2-3

Altars:
Ashenzari
Cheibriados
Dithmenos
Elyvilon
Fedhas
Gozag
Hepliaklqana
Kikubaaqudgha
Makhleb
Nemelex Xobeh
Okawaru
Qazlal
Ru
Sif Muna
Trog
Uskayaw
Vehumet
Wu Jian
Xom
Yredelemnul
Zin
The Shining One
Beogh
Jiyva

Shops:
D:10 !(=   D:12 *   D:14 **   D:15 [   Orc:2 ([=*   Vaults:1 [}

Annotations:
D:7 2 transporters, matti1234's ghost, novice OpWr
D:14 3 runed doors, bananovenc's ghost, journeyman HOFi
D:15 exclusion: Roxanne, Roxanne


Message History

You hit the crystal guardian but do no damage.
The crystal guardian is almost destroyed.
The crystal guardian completely misses you.
The saltling hits you but does no damage.
You hit the crystal guardian but do no damage.
The crystal guardian is almost destroyed.
The saltling misses you.
You riposte.
You slash the saltling! You burn the saltling.
You destroy the saltling!
The crystal guardian hits you but does no damage.
You completely miss the crystal guardian.
The crystal guardian is almost destroyed.
The crystal guardian fires a crystalline bolt at you.
The crystal bolt freezes you!
* * * LOW HITPOINT WARNING * * *
You hit the crystal guardian but do no damage.
The crystal guardian is almost destroyed.
The crystal guardian fires a crystalline bolt at you.
The crystal bolt burns you!
You die...

§§...............§......(#.§.§§§.
§§...........§............#..§§§§
.§.....(..............(....§§§§§§
§§..........................§.§§§
.......÷.(..........(.......§§.§§
....#.....(.....)...........§§§§§
....#...........)))..........§§§§
...#...)....(...8))..........§§§§
........).......@.).........§§§§§
.......∩.∩....................§.§
............................§....
...........(.....................
........(...(....................
..............(..................
..............(..................
..........#......................
.................................


You could see a crystal guardian.

Vanquished Creatures
  the Lernaean hydra (Swamp:4)
  Agnes (D:14)
  2 thorn hunters
  Kirke (Swamp:1)
  A fire giant (D:15)
  2 orc warlords
  An imperial myrmidon (Desolation)
  A stone giant (Vaults:2)
  An ironheart preserver (Vaults:2)
  3 halazid warlocks (Desolation)
  Josephine (Orc:2)
  Snorg (Orc:2)
  5 ragged hierophants (Desolation)
  A peacekeeper (Desolation)
  Harold (D:9)
  8 centaur warriors
  3 servants of whispers (Desolation)
  3 catoblepae (Lair:6)
  26 hydras
  10 alligators
  29 two-headed ogres
  5 death yaks (Lair:6)
  5 ogre magi
  Erica (Orc:1)
  A tengu warrior (D:13)
  An orc high priest (Orc:2)
  Sonja (D:10)
  Urug (D:10)
  A skeletal warrior (D:11)
  5 unseen horrors
  2 spriggan druids
  5 deep trolls (Vaults:2)
  A glowing orange brain (Vaults:1)
  A flayed ghost (Vaults:1)
  12 swamp dragons
  A necromancer (D:14)
  4 ironbrand convokers
  2 shambling mangroves
  8 orc knights
  2 wolf spiders
  11 ugly things
  4 orc sorcerers
  3 deep elf magi
  5 manticores
  10 cyclopes
  18 elephants
  A guardian serpent (Desolation)
  6 black mambas
  Psyche (D:10)
  A guardian serpent (shapeshifter) (Vaults:1)
  26 spiny frogs
  2 molten gargoyles
  3 centaur skeletons
  2 gargoyles
  A smoke demon (Volcano)
  2 torpor snails (Lair:3)
  A vault sentinel (Vaults:2)
  3 efreet
  3 rime drakes
  3 kobold demonologists (D:13)
  2 tengu conjurers (D:13)
  A freezing wraith (D:14)
  7 komodo dragons
  11 yaktaurs (Vaults:1)
  9 trolls
  11 tyrant leeches
  A jumping spider (Lair:4)
  4 red devils (Volcano)
  7 hornets
  2 polar bears
  22 saltlings (Desolation)
  Prince Ribbit (D:8)
  27 blink frogs
  29 slime creatures
  3 bog bodies
  6 dream sheep (Lair:4)
  A meliai zombie (D:15)
  7 hippogriffs
  A redback (shapeshifter) (Vaults:1)
  5 redbacks
  2 tarantellas (Spider:1)
  3 wyverns
  A water elemental (D:12)
  5 shadows
  4 spriggans
  4 wraiths
  A human (D:7)
  2 hogs (D:7)
  A basilisk (Lair:3)
  A vampire (D:12)
  59 yaks
  5 fire bats (Volcano)
  4 hungry ghosts
  30 vampire mosquitoes
  3 wargs
  24 insubstantial wisps
  10 water moccasins
  25 swamp worms
  8 porcupines
  An eye of draining (D:11)
  5 ice beasts
  12 swamp drakes
  42 orc warriors
  8 sky beasts
  A hornet zombie (D:11)
  A necrophage (D:10)
  3 phantoms
  4 boggarts (D:14)
  18 centaurs
  5 wolves (Lair:2)
  21 ogres
  12 crocodiles
  2 big kobolds
  A gnoll sergeant (D:6)
  2 wyvern zombies
  19 bullfrogs
  2 wyvern skeletons
  5 scorpions
  A killer bee (D:11)
  6 wights (D:8)
  8 electric eels
  8 crimson imps
  5 lava snakes (Volcano)
  5 jellies
  7 centaur zombies
  2 bullfrog skeletons
  10 hounds
  20 orc priests
  2 iguanas
  29 orc wizards
  15 worker ants
  A killer bee zombie (D:8)
  2 hound zombies
  A hound skeleton (D:7)
  2 worker ant zombies (D:11)
  17 adders
  26 gnolls
  4 shadow imps
  11 oozes
  An adder zombie (D:8)
  2 dart slugs
  4 worms
  22 leopard geckos
  102 orcs
  15 ball pythons
  8 bats
  16 giant cockroaches
  26 goblins
  19 hobgoblins
  20 jackals
  22 kobolds
  9 quokkas
  18 frilled lizards
  A jackal skeleton (D:5)
  A leopard gecko skeleton (D:4)
  A leopard gecko zombie (D:7)
  3 quokka skeletons
  9 rats
  2 briar patches (Swamp:2)
  A bush (Lair:2)
  A butterfly (D:7)
1265 creatures vanquished.

Vanquished Creatures (collateral kills)
  An ogre (Vaults:1)
  A worker ant (D:11)
  A water moccasin zombie (D:11)
  A wight (D:11)
  A gnoll (Bailey)
  3 orcs
  A hobgoblin (Bailey)
9 creatures vanquished.

Vanquished Creatures (others)
  A hydra (Swamp:3)
  2 humans (Swamp:2)
  2 hogs
  3 orc warriors
  A bullfrog (D:11)
  A bullfrog zombie (D:11)
  An orc priest (Orc:1)
  A gnoll (D:6)
  A leopard gecko (D:10)
  An orc (Orc:1)
  A kobold (D:13)
  4 briar patches (Swamp:2)
  5 fungi
  15 plants
39 creatures vanquished.

Grand Total: 1313 creatures vanquished

Notes
Turn   | Place    | Note
-------+----------+-------------------------------------------
     0 | D:1      | Ihlosi the Human Gladiator began the quest for the Orb.
     0 | D:1      | Reached XP level 1. HP: 16/16 MP: 1/1
    31 | D:1      | Reached XP level 2. HP: 17/22 MP: 2/2
   436 | D:1      | Reached XP level 3. HP: 22/27 MP: 3/3
   504 | D:1      | Reached skill level 1 in Stealth
   531 | D:1      | Reached skill level 1 in Armour
  1194 | D:2      | Reached XP level 4. HP: 34/34 MP: 4/4
  1353 | D:2      | Found a sacrificial altar of Ru.
  1363 | D:2      | Reached skill level 3 in Fighting
  1678 | D:2      | Reached XP level 5. HP: 32/41 MP: 5/5
  2040 | D:2      | Found a sparkling altar of Nemelex Xobeh.
  2040 | D:2      | Found a hide-covered altar of Uskayaw.
  2184 | D:3      | Noticed a water moccasin
  2299 | D:3      | Found an iron altar of Okawaru.
  2520 | D:3      | Noticed an orc warrior
  2550 | D:3      | Killed an orc warrior
  2550 | D:3      | Reached skill level 4 in Fighting
  2550 | D:3      | Reached skill level 5 in Long Blades
  2550 | D:3      | Reached XP level 6. HP: 19/48 MP: 6/6
  2830 | D:3      | Killed a water moccasin
  2830 | D:3      | Reached XP level 7. HP: 51/55 MP: 7/7
  3129 | D:3      | Reached skill level 5 in Fighting
  3761 | D:4      | Reached XP level 8. HP: 62/64 MP: 8/8
  3763 | D:4      | Reached skill level 6 in Fighting
  3791 | D:4      | Got a shimmering bronze ring
  3902 | D:4      | Found a glowing drain.
  3941 | Sewer    | Entered a sewer
  4265 | Sewer    | Learned a level 2 spell: Passwall
  4343 | D:4      | Reached skill level 7 in Fighting
  5003 | D:5      | Entered Level 5 of the Dungeon
  5180 | D:5      | Reached skill level 1 in Transmutations
  5180 | D:5      | Reached skill level 1 in Earth Magic
  5239 | D:5      | Identified the ring "Uffeloesk" {Wiz Dex+3 Stlth+} (You
                  | found it on level 4 of the Dungeon)
  5252 | D:5      | Reached skill level 1 in Spellcasting
  5267 | D:5      | Reached XP level 9. HP: 31/72 MP: 10/10
  5424 | D:5      | Found a shattered altar of Ashenzari.
  5630 | D:5      | Found a radiant altar of Vehumet.
  5842 | D:6      | Found an ornate altar of the Wu Jian Council.
  6314 | D:6      | Reached skill level 1 in Evocations
  6462 | D:6      | Found a staircase to the Ecumenical Temple.
  6469 | Temple   | Entered the Ecumenical Temple
  6498 | Temple   | Became a worshipper of the Shining One
  6768 | D:6      | Found an opulent altar of Gozag.
  7118 | D:7      | Reached skill level 1 in Invocations
  7137 | D:7      | Reached skill level 8 in Fighting
  7391 | D:7      | Noticed a hornet
  7395 | D:7      | a hornet changed into an ice beast
  7442 | D:7      | Found a transporter.
  7452 | D:7      | Noticed matti1234's ghost (novice OpWr)
  7452 | D:7      | Reached * piety under the Shining One
  7463 | D:7      | Found a shimmering altar of Xom.
  7499 | D:7      | Found a transporter.
  7654 | D:8      | Reached XP level 10. HP: 80/80 MP: 13/13
  7734 | D:8      | Found an ancient bone altar of Kikubaaqudgha.
  7935 | D:8      | Reached ** piety under the Shining One
  7949 | D:8      | Noticed Maurice
  7968 | D:8      | Noticed Maurice
  7968 | D:8      | Maurice changed into Maurice the sky beast
  7970 | D:8      | Killed Maurice the sky beast
  8067 | D:8      | Noticed an unseen horror
  8076 | D:8      | Killed an unseen horror
  8187 | D:8      | Noticed Prince Ribbit
  8194 | D:8      | Killed Prince Ribbit
  8393 | D:8      | Found a bloodstained altar of Trog.
  8502 | D:8      | Reached skill level 9 in Fighting
  8726 | D:9      | Noticed Harold
  8783 | D:9      | Killed Harold
  8783 | D:9      | Reached XP level 11. HP: 89/89 MP: 15/15
  8882 | D:9      | Found a shadowy altar of Dithmenos.
  8926 | D:9      | Found a burning altar of Makhleb.
  8926 | D:9      | Noticed an Executioner
  8961 | D:9      | Found a blossoming altar of Fedhas.
  9122 | D:9      | Found a staircase to the Lair.
  9385 | D:10     | Entered Level 10 of the Dungeon
  9390 | D:10     | Found Vetriovu's Antique Weapon Shoppe.
  9397 | D:10     | Got a scorched dagger
  9514 | D:10     | Noticed Sonja
  9514 | D:10     | Noticed Urug
  9526 | D:10     | Killed Urug
  9526 | D:10     | Reached skill level 10 in Fighting
  9616 | D:10     | Found Synefod's Distillery.
  9626 | D:10     | Bought a potion of lignification for 45 gold pieces
  9626 | D:10     | Bought a potion of degeneration for 15 gold pieces
  9626 | D:10     | Bought a potion of mutation for 120 gold pieces
  9650 | D:10     | Killed Sonja
  9650 | D:10     | Reached skill level 5 in Armour
  9650 | D:10     | Reached skill level 5 in Invocations
  9740 | D:10     | Reached *** piety under the Shining One
  9913 | D:10     | Found Bonaef's Jewellery Shoppe.
  9920 | D:10     | Bought a cursed ring of teleportation for 49 gold pieces
  9920 | D:10     | Bought a cursed amulet of inaccuracy for 22 gold pieces
  9932 | D:10     | Noticed Psyche
  9936 | D:10     | Killed Psyche
 10039 | D:10     | Found a sparkling altar of Nemelex Xobeh.
 10477 | D:11     | Found a staircase to the Orcish Mines.
 10518 | D:11     | Found a stormy altar of Qazlal.
 10537 | D:11     | Noticed a six-headed hydra
 10712 | Lair:1   | Entered Level 1 of the Lair of Beasts
 10780 | Lair:1   | Reached skill level 5 in Dodging
 10892 | Lair:1   | Reached **** piety under the Shining One
 10905 | Lair:1   | Reached skill level 11 in Fighting
 10905 | Lair:1   | Reached XP level 12. HP: 83/100 MP: 16/16
 11380 | Lair:1   | Reached skill level 10 in Long Blades
 11569 | Lair:1   | Noticed a five-headed hydra
 11578 | Lair:1   | Killed a one-headed hydra
 12405 | Lair:2   | Noticed a six-headed hydra
 12415 | Lair:2   | Killed a one-headed hydra
 12415 | Lair:2   | Reached XP level 13. HP: 81/107 MP: 18/18
 12866 | Lair:3   | Found a staircase to the Swamp.
 12999 | Lair:3   | Reached skill level 12 in Fighting
 13288 | Lair:3   | Noticed a six-headed hydra
 13296 | Lair:3   | Killed a two-headed hydra
 13497 | Lair:3   | Reached skill level 5 in Evocations
 14069 | D:11     | Killed a one-headed hydra
 14336 | D:11     | Reached ***** piety under the Shining One
 14507 | D:11     | Got a pitted brass ring
 14508 | D:11     | Got an ichor-stained quarterstaff {flame}
 14508 | D:11     | Got a dazzling plate armour
 14514 | D:11     | Got a fine morningstar {protect}
 14558 | D:11     | Identified the +9 plate armour of Devotion {Regen+} (You
                  | took it off a skeletal warrior on level 11 of the Dungeon)
 14660 | D:11     | Identified the +4 morningstar "Azyweyd" {protect, +Inv MR+
                  | Dex+2} (You took it off an orc wizard on level 11 of the
                  | Dungeon)
 14661 | D:11     | Identified the cursed +1 quarterstaff of Bodily Harmony
                  | {flame, +Blink Int+2} (You took it off a skeletal warrior
                  | on level 11 of the Dungeon)
 14861 | D:11     | Noticed a six-headed hydra
 14867 | D:11     | Killed a one-headed hydra
 14874 | D:11     | Reached XP level 14. HP: 116/116 MP: 20/20
 15223 | D:12     | Found Xaolues's General Store.
 15333 | D:12     | Found a flagged portal.
 15345 | Bailey   | Entered a bailey
 15685 | Bailey   | Noticed an orc warlord
 15888 | Bailey   | Killed an orc warlord
 15888 | Bailey   | Reached skill level 13 in Fighting
 16054 | D:12     | Identified the ring of the Sky {Wiz rF+ rC- Dex+9 Stlth+}
                  | (You took it off a skeletal warrior on level 11 of the
                  | Dungeon)
 16300 | D:12     | Identified 2 scrolls of acquirement
 16332 | D:12     | Got a pair of distressingly furry gloves
 16343 | D:12     | Identified the -5 pair of gloves of Jelenoos {rC+ rCorr
                  | Int+3} (You acquired it on level 12 of the Dungeon)
 17561 | Lair:4   | Reached skill level 10 in Armour
 17959 | Lair:4   | Found a hole to the Spider Nest.
 18309 | Lair:5   | Reached skill level 14 in Fighting
 18375 | Lair:5   | Found a dark tunnel.
 18385 | Volcano  | Entered a volcano
 18563 | Volcano  | Found a burning altar of Makhleb.
 18565 | Volcano  | Reached XP level 15. HP: 126/126 MP: 21/21
 19268 | Orc:1    | Entered Level 1 of the Orcish Mines
 19280 | Orc:1    | Noticed Erica
 19306 | Orc:1    | Killed Erica
 19845 | Orc:2    | Entered Level 2 of the Orcish Mines
 19912 | Orc:2    | Noticed Snorg
 19979 | Orc:2    | Reached ****** piety under the Shining One
 19983 | Orc:2    | Noticed an orc warlord
 19993 | Orc:2    | Killed Snorg
 20000 | Orc:2    | Killed an orc warlord
 20145 | Orc:2    | Noticed Josephine
 20206 | Orc:2    | Found a roughly hewn altar of Beogh.
 20370 | Orc:2    | Found Bianill's General Store.
 20391 | Orc:2    | Bought a scroll of identify for 24 gold pieces
 20401 | Orc:2    | Found Woathep's Antique Armour Boutique.
 20432 | Orc:2    | Killed Josephine
 20552 | Orc:2    | Found Ozecir's Jewellery Boutique.
 20620 | Orc:2    | Found Cohoiq's Antique Weapon Boutique.
 20768 | Orc:2    | Found a staircase to the Elven Halls.
 20839 | Orc:2    | Paralysed by an orc sorcerer for 4 turns
 20877 | Orc:2    | Bought the amulet of the Four Winds {rN+ MR+++ Clar} for
                  | 658 gold pieces
 20877 | Orc:2    | Found the amulet of the Four Winds {rN+ MR+++ Clar}
 21152 | Lair:6   | Entered Level 6 of the Lair of Beasts
 21292 | Lair:6   | Found a viscous altar of Jiyva.
 21292 | Lair:6   | Found a staircase to the Slime Pits.
 21737 | Lair:6   | Reached XP level 16. HP: 125/134 MP: 23/23
 22029 | Lair:6   | Reached skill level 15 in Fighting
 22180 | Lair:6   | Reached skill level 10 in Invocations
 22427 | Lair:6   | Got a heavily runed scale mail
 22441 | Lair:6   | Identified the +1 scale mail of the Vacuum {rC- Int+5} (You
                  | found it on level 6 of the Lair of Beasts)
 24277 | D:14     | Identified the +7 dagger of Doom {drain, rC+ rN+ Int+4
                  | Dex+3} (You found it on level 10 of the Dungeon)
 24299 | D:14     | Noticed Agnes
 24308 | D:14     | Killed Agnes
 24357 | D:14     | Found a runed gate.
 24358 | D:14     | Found an opulent altar of Gozag.
 24358 | D:14     | Found Mippea's Assorted Antiques.
 24359 | D:14     | Found a runed gate.
 24359 | D:14     | Found a runed gate.
 24359 | D:14     | Noticed bananovenc's ghost (journeyman HOFi)
 24360 | D:14     | Found Eqavix's Assorted Antiques.
 24841 | D:14     | Found a gate to the Vaults.
 24862 | D:14     | Got a shimmering quarterstaff
 24868 | D:14     | Identified the +0 quarterstaff of the Vestibule of Hell
                  | {flame, rN+} (You found it on level 14 of the Dungeon)
 24903 | D:15     | Entered Level 15 of the Dungeon
 24928 | D:15     | Found Hylehy's Antique Armour Boutique.
 24934 | D:15     | Bought a pitted leather armour for 189 gold pieces
 24945 | D:15     | Identified the +1 leather armour of Woasenk {rF+} (You
                  | bought it in a shop on level 15 of the Dungeon)
 24979 | D:15     | Found a staircase to the Depths.
 24980 | D:15     | Noticed a fire giant
 25021 | D:15     | Killed a fire giant
 25021 | D:15     | Reached XP level 17. HP: 62/144 MP: 25/25
 25434 | D:15     | Noticed Roxanne
 25537 | D:15     | Got a pitted hand axe
 25751 | D:15     | Reached skill level 16 in Fighting
 26281 | Lair:2   | Identified the +4 hand axe of Haegui {chop, *Contam rElec
                  | Str+9} (You found it on level 15 of the Dungeon)
 26339 | Swamp:1  | Entered Level 1 of the Swamp
 26563 | Swamp:1  | Learned a level 1 spell: Apportation
 27085 | Swamp:1  | Reached skill level 15 in Armour
 27223 | Swamp:2  | Noticed Kirke
 27236 | Swamp:2  | Noticed a thorn hunter
 27388 | Swamp:2  | Reached skill level 1 in Translocations
 27466 | Swamp:2  | Killed a thorn hunter
 27738 | Swamp:2  | Noticed a thorn hunter
 27893 | Swamp:1  | Killed Kirke
 28776 | Swamp:3  | Noticed a thorn hunter
 28796 | Swamp:3  | Killed a thorn hunter
 29045 | Swamp:4  | Entered Level 4 of the Swamp
 29369 | Swamp:4  | Reached XP level 18. HP: 133/153 MP: 26/26
 30371 | Swamp:4  | Reached skill level 17 in Fighting
 30376 | Swamp:4  | Noticed the 27-headed Lernaean hydra
 30392 | Swamp:4  | Killed the 27-headed Lernaean hydra
 30640 | Swamp:4  | Got a decaying rune of Zot
 30976 | Spider:1 | Entered Level 1 of the Spider Nest
 31294 | Vaults:1 | Entered Level 1 of the Vaults
 31358 | Vaults:1 | Reached skill level 10 in Dodging
 31372 | Vaults:1 | Reached skill level 15 in Long Blades
 31436 | Vaults:1 | Found Esesaluz's Gadget Shoppe.
 32025 | Vaults:1 | Reached XP level 19. HP: 104/162 MP: 22/28
 32264 | Vaults:1 | Found Zyesiymu's Armour Emporium.
 32773 | Vaults:2 | Reached skill level 18 in Fighting
 32879 | Vaults:2 | Learned a level 2 spell: Blink
 32881 | Vaults:2 | Found a ruined gateway.
 33058 | Desolati | Entered the Desolation of Salt
 33512 | Desolati | Reached skill level 1 in Crossbows
 33818 | Desolati | Killed from afar by a crystal guardian

Skill      XL: |  1  2  3  4  5  6  7  8  9 10 11 12 13 14 15 16 17 18 19 |
---------------+----------------------------------------------------------+-----
Stealth        | 1 3 |  3.0
Armour         | 1 2 3 5 7 8 11 13 14 15 16 | 16.4
Long Blades    | 4 5 6 7 9 10 11 12 13 14 15 | 15.0
Fighting       | 3 4 5 7 8 9 11 12 14 15 16 17 18 | 18.2
Transmutations | 1 3 |  3.0
Earth Magic    | 1 2 3 |  3.0
Spellcasting   | 1 2 3 |  3.0
Evocations     | 1 3 4 5 6 |  6.0
Invocations    | 1 4 5 6 8 9 10 11 12 | 12.9
Dodging        | 5 6 7 8 9 10 11 | 11.0
Translocations | 2 3 |  3.0
Crossbows      | 3 |  3.5
Throwing       | |  2.0

Action                   |  1- 3 |  4- 6 |  7- 9 | 10-12 | 13-15 | 16-18 | 19-21 || total
-------------------------+-------+-------+-------+-------+-------+-------+-------++-------
Melee: Long sword        |    81 |   107 |   626 |    61 |       |       |       ||   875
       Scimitar          |       |       |       |   473 |  1169 |  1498 |   268 ||  3408
 Fire: Arbalest          |       |       |       |       |       |       |    29 ||    29
Throw: Throwing net      |       |     3 |       |     1 |       |       |       ||     4
Invok: Cleansing Flame   |       |       |       |       |     8 |     7 |     7 ||    22
       Divine Shield     |       |       |       |       |     1 |       |       ||     1
Evoke: Wand              |       |       |    13 |    41 |    51 |    21 |     2 ||   128
       Sack of spiders   |       |       |       |       |       |       |     1 ||     1
  Use: Scroll            |       |     7 |     3 |     1 |    25 |    14 |       ||    50
       Potion            |       |     3 |     1 |       |     4 |     2 |     3 ||    13
 Stab: Paralysed         |       |     1 |    20 |       |       |       |       ||    21
       Held in net/web   |       |     2 |       |       |       |       |       ||     2
       Sleeping          |       |       |     6 |       |       |       |       ||     6
  Eat: Chunk             |     1 |     5 |    17 |    18 |    27 |    21 |     5 ||    94
       Ration            |       |       |       |       |     2 |     5 |     1 ||     8
Armor: Leather armour    |    17 |    40 |   181 |    25 |       |       |       ||   263
       Ring mail         |       |       |       |   141 |    43 |       |       ||   184
       Plate armour      |       |       |       |       |   627 |  1057 |   177 ||  1861
       Troll leather arm |       |       |       |       |    18 |       |       ||    18
       Skin              |       |       |       |       |     6 |       |       ||     6
Dodge: Dodged            |    60 |    76 |   509 |   316 |   582 |   782 |   169 ||  2494
Block: Other             |       |       |       |       |    11 |       |       ||    11
       Rpst.: Long sword |    15 |    26 |   154 |    11 |       |       |       ||   206
       Scimitar          |       |       |       |    79 |   158 |   195 |    42 ||   474
